 Seeded DCSS version 0.27-a0-1060-gcb85b5eba1 (webtiles) character file.

Game seed: 20210421 (custom seed)

30 Snicker the Sneak (level 3, -2/27 HPs)
             Began as a Demonspawn Brigand on Apr 21, 2021.
             Slain by a worm (10 damage)
             ... on level 2 of the Dungeon.
             The game lasted 00:01:21 (1172 turns).

Snicker the Sneak (Demonspawn Brigand)              Turns: 1172, Time: 00:01:22

Health: -2/27      AC:  3    Str: 11    XL:     3   Next: 3%
Magic:  3/3        EV: 12    Int: 12    God:
Gold:   20         SH:  4    Dex: 15    Spells: 2/2 levels left

rFire    + . .     SeeInvis .   a - +1 dagger (elec)
rCold    . . .     Faith    .   (no shield)
rNeg     . . .     Spirit   .   b - +0 robe
rPois    .         Reflect  .   (no helmet)
rElec    .         Harm     .   c - +0 cloak
rCorr    .         Rampage  .   (no gloves)
Will     .....                  (no boots)
Stlth    +++.......             (no amulet)
HPRegen  0.09/turn              i - ring of protection from fire
MPRegen  0.08/turn              (no ring)

@: no status effects
A: condensation shield
a: no special abilities


You were on level 2 of the Dungeon.
You visited 1 branch of the dungeon, and saw 2 of its levels.

You collected 20 gold pieces.

Inventory:

Hand Weapons
 a - a +1 dagger of electrocution (weapon)
 g - a +2 dagger
Missiles
 d - 8 poisoned darts (quivered)
 e - 2 curare-tipped darts
Armour
 b - a +0 robe (worn)
 c - a +0 cloak (worn)
Jewellery
 i - a ring of protection from fire (left hand)
Scrolls
 h - 4 scrolls of magic mapping {unknown}
 k - 2 scrolls of identify {unknown}
 m - a scroll of fear {unknown}
Potions
 f - 2 potions of flight {unknown}
 j - a potion of mutation {unknown}
 l - a potion of brilliance {unknown}


   Skills:
 + Level 2.0 Fighting
 * Level 2.0 Short Blades
 + Level 1.8 Throwing
 + Level 1.3 Dodging
 * Level 4.3 Stealth
 + Level 0.1 Shields


You had 2 spell levels left.
You didn't know any spells.
Your spell library contained the following spells:

 Spells                   Type           Power      Damage    Failure   Level
 Beastly Appendage        Tmut           0%         N/A       32%         1
 Wereblood                Tmut           0%         N/A       45%         2
 Spider Form              Tmut/Pois      0%         N/A       69%         3
 Ice Form                 Ice/Tmut       0%         N/A       97%         4
 Hydra Form               Tmut           0%         N/A       100%        5


Dungeon Overview and Level Annotations

Branches:
Dungeon (2/15)

Altars:


Innate Abilities, Weirdness & Mutations

A meltable shield of frost defends you. (SH +4)


Message History

A worm is nearby!
You see here 23 stones.
A ball python comes into view.
The ball python hisses angrily.
The ball python barely misses you. The ball python grabs you.
The ball python constricts you.
You escape the ball python's grasp.
The ball python bites you but does no damage.
The ball python misses you. x2; The ball python grabs you.
The ball python constricts you.
You hit the worm.
The worm is lightly wounded.
The ball python bites you. The ball python constricts you. The worm bites you!
You hit the worm.
The worm is lightly wounded.
The ball python bites you. The ball python constricts you.
You barely miss the worm.
The worm is lightly wounded.
You block the ball python's attack. The ball python constricts you.
The worm bites you!
* * * LOW HITPOINT WARNING * * *
You hit the worm.
The worm is lightly wounded.
You block the ball python's attack.
* * * LOW HITPOINT WARNING * * *
The ball python constricts you.
You escape the ball python's grasp.
The ball python bites you but does no damage.
The ball python barely misses you.
You hit the ball python.
You kill the ball python!
You hit the worm. Lightning courses through the worm!
The worm is severely wounded.
The worm closely misses you.
You barely miss the worm.
The worm is severely wounded.
You hit the worm.
The worm is severely wounded.
The worm bites you!
You die...

#### ### #.. ..# #.#
#.# ######.# #.#
#..@w..# ##.##
#.###..#########....
#. #.....(.......##
#. ##.######.....#.
#. #.# #.###.## #.
#.# #.# #.#. #. ..#
#.# #... #. ### #.#
##.# #.# #..


You could see a worm.

Vanquished Creatures
  2 dart slugs (D:1)
  A bat (D:1)
  An endoplasm (D:1)
  A giant cockroach (D:1)
  2 goblins (D:1)
  6 hobgoblins (D:1)
  2 quokkas
  2 ball pythons (D:2)
  2 kobolds
  3 rats (D:1)
22 creatures vanquished.

Notes
Turn   | Place    | Note
-------+----------+-------------------------------------------
     0 | D:1      | Snicker the Demonspawn Brigand began the quest for the Orb.
     0 | D:1      | Reached XP level 1. HP: 16/16 MP: 1/1
   310 | D:1      | Reached skill level 4 in Stealth
   326 | D:1      | Gained mutation: A meltable shield of frost defends you.
                  | (SH +4) [demonic ancestry]
   326 | D:1      | Reached XP level 2. HP: 16/22 MP: 2/2
   429 | D:1      | Reached skill level 1 in Dodging
  1097 | D:2      | Reached XP level 3. HP: 23/27 MP: 3/3
  1172 | D:2      | Slain by a worm

Illustrated notes

Levels and vault maps discovered:
D:1:      dpeg_arrival_shelter, layout_basic
D:2:      layout_loops_ring, minmay_misc_feat_tiny,
          minmay_randomly_rotated_circles, uniq_robin, uniq_natasha

Skill      XL: |  1  2 |
---------------+-------+-----
Stealth        | 4 |  4.3
Dodging        | 1 |  1.3
Short Blades   | 2 |  2.0
Fighting       | |  2.0
Throwing       | |  1.8
Shields        | |  0.1

Action                   || total
-------------------------++-------
Melee: Dagger            ||    55
 Stab: Sleeping          ||     3
Armor: Robe              ||    11
Dodge: Dodged            ||    17
Block: Other             ||     9

Table legend: (Time is in decaauts)
 A = Elapsed time spent in this place.
 B = Non-inter-level travel time spent in this place.
 C = Inter-level travel time spent in this place.
 D = Time resting spent in this place.
 E = Time spent auto-exploring this place.
 F = Levels seen in this place.
 G = Mean time per level.
                   A        B        C        D        E       F      G
               +--------+--------+--------+--------+--------+-----+--------+
         Total |   1165 |   1119 |     46 |      0 |    936 |   2 |  582.5 |
       Dungeon |   1165 |   1119 |     46 |      0 |    936 |   2 |  582.5 |
               +--------+--------+--------+--------+--------+-----+--------+

Top non-repeatable levels by time:
     D:1: 1001 daAuts
     D:2: 164 daAuts
